 Dungeon Crawl Stone Soup version 0.31-a0-743-g45f7035092 (webtiles) character file.

Game seed: 297415368150573336

230 CowFu the Ruffian (level 5, 0/37 HPs)
             Began as a Demonspawn Shapeshifter on Sept 12, 2023.
             Was an Initiate of Gozag.
             Succumbed to an adder's poison
             ... on level 3 of the Dungeon.
             The game lasted 00:01:51 (1596 turns).

CowFu the Ruffian (Demonspawn Shapeshifter)         Turns: 1596, Time: 00:01:52

Health: 0/37       AC:  2    Str: 15    XL:     5   Next: 72%
Magic:  5/5        EV: 12    Int: 11    God:    Gozag
Gold:   96         SH:  0    Dex: 14    Spells: 4/4 levels left

rFire   . .          .
                       - Unarmed
rCold   . . .        (no shield)
rNeg    . . .        a - +0 animal skin
rPois   .            (helmet currently unavailable)
rElec   .            (cloak currently unavailable)
rCorr   .            (gloves currently unavailable)
SInv    .            (boots currently unavailable)
Will    .....        (no amulet)
Stlth   +            (no ring)
HPRegen 0.26/turn    (no ring)
MPRegen 0.09/turn

%: no passive effects
@: lethally poisoned (0 -> -6), beast-form
A: beast (slay +2), horns 1, foul stench 1
a: Begin Untransformation, Renounce Religion, Potion Petition, Call Merchant,
Bribe Branch


You were on level 3 of the Dungeon.
You worshipped Gozag.
Gozag was noncommittal.
You were a hulking beast.
You visited 1 branch of the dungeon, and saw 4 of its levels.

You collected 161 gold pieces.
You paid 65 gold pieces to Gozag.

Inventory:

Armour
 a - a +0 animal skin (worn)
 f - a +0 helmet
Talismans
 c - a beast talisman (active)
 d - a flux talisman
Wands
 j - a wand of flame (17)
Scrolls
 e - 4 scrolls of enchant weapon {unknown}
 i - a scroll of teleportation {unknown}
 l - a scroll of fear {unknown}
Potions
 b - 2 potions of lignification
 g - a potion of cancellation
 h - 2 potions of curing {unknown}
 k - a potion of mutation {unknown}


   Skills:
 - Level 1.0 Fighting
 - Level 1.7 Dodging
 + Level 4.6 Unarmed Combat
 + Level 4.3 Shapeshifting


You had 4 spell levels left.
You didn't know any spells.
Your spell library contained the following spells:

 Spells                   Type           Power      Damage    Failure   Level
 Apportation              Tloc           0%         N/A       34%         1
 Magic Dart               Conj           0%         1d3       34%         1
 Necrotise                Necr           0%         1d4       34%         1
 Summon Small Mammal      Summ           0%         N/A       34%         1
 Call Imp                 Summ           0%         N/A       47%         2
 Wereblood                Tmut           0%         N/A       47%         2
 Mephitic Cloud           Conj/Pois/Air  0%         N/A       71%         3
 Irradiate                Conj/Tmut      0%         3d11      100%        5


Dungeon Overview and Level Annotations

Branches:
Dungeon (4/15)
 Temple: D:4-7

Altars:
Gozag

Annotations:
D:4 Grinder


Innate Abilities, Weirdness & Mutations

You are a hulking beast.
Your limbs bulge with bestial killing power. (Slay +2)
You have a pair of small horns on your head.
You may rarely emit foul miasma when damaged in melee.


Message History

You are too injured to fight recklessly!
You are too injured to fight recklessly!
You are too injured to fight recklessly!
You are too injured to fight recklessly!
You are too injured to fight recklessly!
You are too injured to fight recklessly!
You are too injured to fight recklessly!
You are too injured to fight recklessly!
You are too injured to fight recklessly!
You are too injured to fight recklessly!
You are too injured to fight recklessly!
You are too injured to fight recklessly!
You are too injured to fight recklessly!
You are too injured to fight recklessly!
You are too injured to fight recklessly!
You are too injured to fight recklessly!
You are too injured to fight recklessly!
You are too injured to fight recklessly!
You are too injured to fight recklessly!
You are too injured to fight recklessly!
You are too injured to fight recklessly!
You are too injured to fight recklessly!
You hit the adder but do no damage. Your headbutt misses the adder.
The adder is severely wounded.
You feel sick. The adder misses you. The rat barely misses you.
The endoplasm hits you.
* * * LOW HITPOINT WARNING * * *
You barely miss the adder.
The adder is severely wounded.
You feel sick. The adder bites you.
* * * LOW HITPOINT WARNING * * *
You are lethally poisoned!
The adder poisons you!
You emit a cloud of foul miasma!
The rat bites you.
* * * LOW HITPOINT WARNING * * *
The endoplasm freezes you.
You are frozen.
* * * LOW HITPOINT WARNING * * *
It was a potion of cancellation.
You feel magically purged.
You die...
Your body crumbles into a pile of gold.

###..#####.#
#).#####.#
.#####........#
........#######
#####...##
##.....##
##.......##
##...
#.........#
.....
+.....hrJ<+
###..
#.....JS..#
##...##..##
##.. .... ##.
..... ##
.>..... .......
.......


You could see an adder, 2 endoplasms and a rat.

Vanquished Creatures
  Sigmund (D:3)
  Ijyb (D:3)
  2 adders
  A worm (D:3)
  A dart slug (D:3)
  3 endoplasms
  A giant cockroach (D:3)
  3 goblins
  4 hobgoblins
  A kobold (D:3)
  4 ball pythons
  4 bats
  3 frilled lizards
  4 rats (D:1)
33 creatures vanquished.

Notes
Turn   | Place    | Note
-------+----------+-------------------------------------------
     0 | D:1      | CowFu the Demonspawn Shapeshifter began the quest for the
                  | Orb.
     0 | D:1      | Reached XP level 1. HP: 15/15 MP: 1/1
   406 | D:1      | Gained mutation: You may rarely emit foul miasma when
                  | damaged in melee. [demonic ancestry]
   406 | D:1      | Reached XP level 2. HP: 16/21 MP: 2/2
   690 | D:2      | You fall into a shaft and drop 2 floors!
   810 | D:4      | Noticed Grinder
   814 | D:4      | Paralysed by Grinder for 2 turns
   830 | D:4      | Paralysed by Grinder for 2 turns
   865 | D:3      | Gained mutation: You have a pair of small horns on your
                  | head. [demonic ancestry]
   865 | D:3      | Reached XP level 3. HP: 23/26 MP: 3/3
  1137 | D:3      | Noticed Ijyb
  1143 | D:3      | Killed Ijyb
  1144 | D:3      | Reached XP level 4. HP: 28/32 MP: 4/4
  1237 | D:3      | Found an opulent altar of Gozag.
  1258 | D:3      | Became a worshipper of Gozag Ym Sagoz the Greedy
  1476 | D:3      | Noticed Sigmund
  1489 | D:3      | Killed Sigmund
  1490 | D:3      | Reached XP level 5. HP: 14/37 MP: 5/5
  1595 | D:3      | HP: 1/37 [frozen (2)]
  1596 | D:3      | Succumbed to an adder's poison

Illustrated notes

Levels and vault maps discovered:
D:1:      lightli_iron_boxes, layout_basic, amcnicky_mini_rare_corridor_liquid
D:2:      layout_basic, hellmonk_ecumenical_altar_defaced_shrine, serial_shops,
          nicolae_shop_getting_attention
D:3:      layout_loops_corners, mainiacjoe_overflow_catwalk, st_stairs_5,
          kennysheep_decorative_pillar, nicolae_shop_vocational, uniq_sigmund,
          uniq_ijyb
D:4:      layout_basic, serial_shops, nicolae_shop_behind_doors,
          nrook_mini_vaults, uniq_duvessa, uniq_pikel, uniq_grinder,
          uniq_blork_the_orc

Skill      XL: |  1  2  3  4 |
---------------+-------------+-----
Unarmed Combat | 3 4 |  4.6
Shapeshifting  | 3 4 |  4.3
Fighting       | |  1.0
Dodging        | |  1.7

Action                     |  1- 3 |  4- 6 || total
---------------------------+-------+-------++-------
  Melee: Unarmed           |    76 |    32 ||   108
         Punch             |     2 |     1 ||     3
         Headbutt          |     4 |     4 ||     8
    Use: Scroll            |     1 |       ||     1
         Potion            |       |     1 ||     1
   Stab: Distracted        |     1 |       ||     1
         Sleeping          |     1 |       ||     1
 Armour: Animal skin       |    31 |    17 ||    48
  Dodge: Dodged            |    36 |    22 ||    58

Table legend: (Time is in decaauts)
 A = Elapsed time spent in this place.
 B = Non-inter-level travel time spent in this place.
 C = Inter-level travel time spent in this place.
 D = Time resting spent in this place.
 E = Time spent auto-exploring this place.
 F = Levels seen in this place.
 G = Mean time per level.
                   A        B        C        D        E       F      G
               +--------+--------+--------+--------+--------+-----+--------+
         Total |   1590 |   1566 |     24 |      0 |   1251 |   4 |  397.5 |
       Dungeon |   1590 |   1566 |     24 |      0 |   1251 |   4 |  397.5 |
               +--------+--------+--------+--------+--------+-----+--------+

Top non-repeatable levels by time:
     D:3: 749 daAuts
     D:1: 661 daAuts
     D:4: 152 daAuts
     D:2: 26 daAuts
